Map: Ruins of Seras

Players

Burt

  • Race: Terran Terran
  • League: Platinum

dre - Winner!

  • Race: Protoss Protoss
  • League: Platinum

VOD

Have the link to the VOD?

Description

Time

  • Played on: Nov. 18, 2015, 12:03 a.m.
  • Length: 12:34
Show
View Real Time Build Order
Export as new Build Order

Burt Terran 

Build Orders: 1/1/1 

Get SALT Encoding   

  12  0:01  SCV  
  13  0:13  SCV  
  14  0:18  Supply Depot  
  14  0:25  SCV  
  15  0:39  SCV  
  15  0:42  Barracks  
  16  0:46  Refinery  
  16  0:51  SCV  
  17  0:57  Refinery  
  17  1:03  SCV  
  18  1:28  Orbital Command  
  18  1:29  Marine  
  19  1:35  Supply Depot  
  19  1:43  Factory  
  19  1:47  Marine  
  20  1:55  SCV  
  21  2:05  Marine  
  21  2:07  SCV  
  23  2:19  SCV  
  24  2:25  Barracks Reactor  
  24  2:27  Factory Tech Lab, Starport  
  24  2:31  Supply Depot, SCV  
  25  2:43  SCV  
  26  2:55  Siege Tank  
  26  2:56  SCV  
  29  3:00  Supply Depot  
  29  3:06  Marine  
  29  3:08  SCV  
  31  3:14  Marine  
  31  3:18  Medivac  
  34  3:20  SCV  
  34  3:22  Supply Depot  
  35  3:29  Engineering Bay  
  35  3:35  SCV, Marine x2  
  35  3:39  Siege Tank  
  41  3:49  Starport Tech Lab  
  41  3:53  Marine  
  42  4:00  SCV  
  42  4:02  Supply Depot  
  43  4:04  Marine  
  44  4:11  Marine  
  44  4:12  SCV, Hellion  
  48  4:19  Missile Turret  
  48  4:22  Raven  
  50  4:24  SCV, Marine, Supply Depot  
  52  4:36  SCV  
  53  4:47  Siege Tank  
  53  4:49  Marine x2  
  58  4:59  SCV  
  59  5:05  Medivac  
  59  5:06  Marine  
  59  5:07  Marine  
  63  5:16  SCV  
  64  5:24  Marine x2  
  66  5:37  Siege Tank  
  66  5:42  Marine x2  
  71  5:43  Missile Turret  
  68  6:05  Marine  
  68  6:06  Marine  
  70  6:23  Marine  
  71  6:44  Marine x2  
  71  6:47  Siege Tank  
  40  7:23  Marine x2  
  40  7:24  Siege Tank  
  40  7:25  SCV  
  39  7:37  SCV  
  39  7:41  Marine  
  40  7:49  SCV  
  41  7:53  Ghost Academy  
  41  8:00  Marine  
  41  8:01  SCV  
  43  8:13  SCV  
  43  8:18  Armory  
  44  8:21  Raven  
  44  8:24  Marine x2  
  44  8:25  SCV  
  49  8:31  Cyclone  
  52  8:37  SCV  
  53  8:42  Marine  
  54  8:49  SCV  
  55  9:01  SCV  
  58  9:09  Banshee  
  59  9:18  Ghost  
  59  9:21  Hellbat x2  
  66  9:30  Orbital Command  
  67  9:46  Hellion x2  
  69  10:06  Supply Depot  
  69  10:27  Banshee  
  72  10:31  Missile Turret  
  72  10:34  Marine  
  72  10:35  Hellbat  
  72  10:36  Hellbat  
  67  10:48  SCV  
  68  10:52  Marine  
  69  11:00  SCV  
  70  11:09  Hellion x2  
  70  11:10  Ghost  
  76  11:11  Banshee  
  76  11:12  SCV  
Show
View Real Time Build Order
Export as new Build Order

dre Protoss - Winner!

Build Orders: Oracle Opening 

Get SALT Encoding   

  12  0:01  Probe (Chrono Boost)  
  13  0:12  Probe (Chrono Boost)  
  14  0:20  Pylon  
  14  0:22  Probe (Chrono Boost)  
  15  0:38  Probe (Chrono Boost)  
  15  0:41  Gateway  
  16  0:48  Probe (Chrono Boost)  
  17  0:51  Assimilator  
  17  0:59  Probe (Chrono Boost)  
  17  1:01  Pylon  
  18  1:09  Probe (Chrono Boost)  
  19  1:18  Assimilator  
  19  1:25  Probe (Chrono Boost)  
  20  1:30  Cybernetics Core  
  20  1:35  Probe (Chrono Boost)  
  21  1:46  Probe (Chrono Boost)  
  22  1:52  Pylon  
  22  1:57  Probe (Chrono Boost)  
  23  2:07  Stalker (Chrono Boost), Probe (Chrono Boost)  
  26  2:09  Warp Gate  
  26  2:18  Probe  
  27  2:37  Nexus  
  27  2:38  Mothership Core  
  29  2:57  Stargate  
  29  3:02  Robotics Facility  
  29  3:12  Pylon  
  29  3:15  Stalker (Chrono Boost)  
  31  3:20  Probe  
  32  3:32  Probe  
  33  3:41  Oracle  
  33  3:45  Probe  
  37  3:57  Probe  
  38  4:06  Probe  
  38  4:09  Probe  
  40  4:17  Probe  
  40  4:21  Probe, Phoenix (Chrono Boost)  
  44  4:25  Stalker, Observer  
  44  4:27  Probe  
  44  4:29  Gateway  
  44  4:30  Pylon  
  48  4:42  Probe  
  48  4:44  Probe  
  50  4:47  Gateway  
  50  4:50  Gateway  
  50  4:54  Assimilator  
  50  4:59  Assimilator  
  54  5:07  Observer  
  54  5:10  Stalker  
  53  5:28  Immortal  
  57  5:31  Pylon  
  57  5:34  Pylon  
  57  5:38  Stalker, Pylon  
  57  5:39  Stalker  
  58  6:09  Stalker  
  58  6:10  Stalker  
  62  6:21  Void Ray (Chrono Boost)  
  62  6:22  Nexus  
  62  6:24  Pylon  
  66  6:30  Pylon  
  66  6:32  Immortal  
  62  6:50  Stalker  
  62  6:51  Stalker  
  54  7:36  Stalker x2  
  58  7:38  Probe  
  58  7:40  Nexus  
  58  7:42  Pylon  
  59  7:47  Observer  
  59  7:49  Probe  
  61  7:55  Phoenix (Chrono Boost)  
  63  7:59  Probe  
  64  8:07  Assimilator  
  64  8:09  Observer, Pylon  
  64  8:10  Probe  
  66  8:17  Phoenix (Chrono Boost)  
  68  8:20  Probe  
  68  8:21  Probe  
  70  8:30  Observer  
  70  8:31  Probe  
  70  8:33  Probe  
  73  8:41  Probe  
  73  8:44  Zealot x2, Phoenix (Chrono Boost)  
  73  8:45  Probe  
  81  8:52  Probe  
  81  8:54  Gateway  
  82  8:57  Probe  
  82  8:58  Probe  
  84  9:06  Twilight Council  
  84  9:10  Phoenix (Chrono Boost)  
  84  9:11  Probe  
  84  9:13  Probe  
  88  9:18  Probe  
  89  9:28  Probe x2  
  89  9:29  Probe  
  92  9:32  Stalker  
  92  9:33  Zealot  
  96  9:39  Probe x2  
  96  9:41  Probe  
  99  9:46  Gateway  
  99  9:52  Probe  
  99  9:54  Gateway  
  99  9:56  Assimilator  
  99  9:58  Probe  
  101  10:00  Probe, Assimilator  
  101  10:02  Probe  
  103  10:13  Probe  
  103  10:17  Probe  
  103  10:18  Probe  
  106  10:23  Probe  
  107  10:46  Probe  
  108  10:55  Immortal  
  108  10:56  Probe  
  112  10:57  Phoenix (Chrono Boost)  
  112  10:59  Zealot  
  117  11:05  Gateway  
  117  11:08  Gateway  
  117  11:13  Robotics Bay  
  117  11:15  Pylon  
  117  11:17  Pylon  
  117  11:21  Pylon  
  117  11:32  Probe  
  117  11:34  Immortal, Phoenix (Chrono Boost)  
  117  11:35  Dark Shrine  
  117  11:38  Templar Archives  
  124  11:40  Stalker  
  124  11:41  Stalker, Zealot  
  124  11:42  Stalker, Probe  
  124  11:45  Probe  
  124  11:46  Probe  
  95  12:20  Stalker, Zealot x2  
Tags
 
Add a new tag
Caveats
  • Supply blocks, unpowered buildings, or Contaminate may cause inaccurate times.
  • Supply counts are checked every 10 seconds.